| TOP OF THE 1ST |
|
Cincinnati Reds batting - Pitching for Cleveland Guardians : RHP Sandor Visser
|
|
Pitching: RHP Sandor Visser
|
|
|
Batting: LHB Mike Lambright
|
0-0: Ball 1-0: Called Strike 1-1: Ball 2-1: Fly out, F8 (Flyball, 78S, EV 95.6 MPH)
|
|
Batting: SHB Leury Garcia
|
0-0: Ball 1-0: Ball 2-0: Called Strike 2-1: Fly out, F8 (Flyball, 89XD, EV 98.8 MPH)
|
|
Batting: LHB José Parra
|
0-0: Ground out 4-3 (Groundball, 4, EV 101.3 MPH)
|
| Top of the 1st over - 0 runs, 0 hits, 0 errors, 0 left on base; Cincinnati 0 - Cleveland 0 |
| BOTTOM OF THE 1ST |
|
Cleveland Guardians batting - Pitching for Cincinnati Reds : RHP Dave Parsons
|
|
Pitching: RHP Dave Parsons
|
|
|
Batting: LHB Joe Wendle
|
0-0: Ball 1-0: Ball 2-0: Called Strike 2-1: Foul Ball, location: 9LSF 2-2: Fly out, F8 (Flyball, 8LXD, EV 104.4 MPH)
|
|
Batting: RHB Liam Thompson
|
0-0: Called Strike 0-1: Ball 1-1: DOUBLE (Line Drive, 3D, EV 103.8 MPH)
|
|
Batting: LHB José Álvarez
|
0-0: Ball 1-0: Ball 2-0: Ball 3-0: Base on Balls
|
|
Batting: RHB Giancarlo Stanton
|
0-0: Called Strike 0-1: Foul Ball, location: 2RF 0-2: Foul Ball, location: 5F 0-2: Fielders Choice at 2nd, 5-4 (Groundball, 56S, EV 85.0 MPH) Liam Thompson to third
|
|
Batting: RHB Ernie Jones
|
0-0: Foul Ball, location: 5FF 0-1: Ground out U3 (Groundball, 3, EV 96.3 MPH)
|
| Bottom of the 1st over - 0 runs, 1 hit, 0 errors, 2 left on base; Cincinnati 0 - Cleveland 0 |
| TOP OF THE 2ND |
|
Cincinnati Reds batting - Pitching for Cleveland Guardians : RHP Sandor Visser
|
|
Batting: RHB Diory Paulino
|
0-0: Ground out U3 (Groundball, 3L, EV 84.4 MPH)
|
|
Batting: LHB Jake Bauers
|
0-0: Swinging Strike 0-1: Swinging Strike 0-2: Strikes out swinging
|
|
Batting: RHB Jeff Adams
|
0-0: Called Strike 0-1: Ball 1-1: Foul Ball, location: 2F 1-2: Foul Ball, location: 5F 1-2: Ball 2-2: Foul Ball, location: 2F 2-2: Strikes out looking
|
| Top of the 2nd over - 0 runs, 0 hits, 0 errors, 0 left on base; Cincinnati 0 - Cleveland 0 |
| BOTTOM OF THE 2ND |
|
Cleveland Guardians batting - Pitching for Cincinnati Reds : RHP Dave Parsons
|
|
Batting: RHB Juan Martínez
|
0-0: Single, Error in OF, E7, batter to second base (Line Drive, 56D, EV 102.5 MPH)
|
|
Batting: RHB Vladimir Guerrero Jr.
|
0-0: Fly out, F9 (Flyball, 9D, EV 93.8 MPH) Runner from 2nd tags up, SAFE at 3rd, no throw by RF
|
|
Batting: RHB Juan González
|
0-0: Ball 1-0: Fly out, F8 (Line Drive, 8RS, EV 94.4 MPH)
|
|
Batting: RHB Ben Ramsey
|
0-0: Ground out 4-3 (Groundball, 4S, EV 80.6 MPH)
|
| Bottom of the 2nd over - 0 runs, 1 hit, 1 error, 1 left on base; Cincinnati 0 - Cleveland 0 |
| TOP OF THE 3RD |
|
Cincinnati Reds batting - Pitching for Cleveland Guardians : RHP Sandor Visser
|
|
Batting: LHB José Morán
|
0-0: Ball 1-0: Called Strike 1-1: Ball 2-1: SINGLE (Groundball, 6MD, EV 96.9 MPH)
|
|
Batting: LHB Dan Sheehan
|
0-0: Ball 1-0: Ball 2-0: Ball 3-0: Base on Balls José Morán to second
|
|
Batting: RHB Jose Peraza
|
0-0: Sac Bunt to 25 - play at first, batter OUT! 5-3 José Morán to third Dan Sheehan to second
|
|
Batting: LHB Mike Lambright
|
0-0: Foul Ball, location: 7LSF 0-1: 3-RUN HOME RUN (Flyball, 78XD, EV 99.4 MPH), Distance : 399 ft
|
|
Batting: SHB Leury Garcia
|
0-0: Ball 1-0: Called Strike 1-1: Ball 2-1: Foul Ball, location: 7LSF 2-2: Ground out 5-3 (Groundball, 56, EV 102.5 MPH)
|
|
Batting: LHB José Parra
|
0-0: Ground out 3-1 (Groundball, 34S, EV 83.8 MPH)
|
| Top of the 3rd over - 3 runs, 2 hits, 0 errors, 0 left on base; Cincinnati 3 - Cleveland 0 |
| BOTTOM OF THE 3RD |
|
Cleveland Guardians batting - Pitching for Cincinnati Reds : RHP Dave Parsons
|
|
Batting: LHB Joe Wendle
|
0-0: Swinging Strike 0-1: Swinging Strike 0-2: Ball 1-2: Strikes out looking
|
|
Batting: RHB Liam Thompson
|
0-0: Foul Ball, location: 2F 0-1: Ground out 5-3 (Groundball, 56S, EV 68.8 MPH)
|
|
Batting: LHB José Álvarez
|
0-0: Ball 1-0: Called Strike 1-1: Swinging Strike 1-2: Foul Ball, location: 23F 1-2: Strikes out looking
|
| Bottom of the 3rd over - 0 runs, 0 hits, 0 errors, 0 left on base; Cincinnati 3 - Cleveland 0 |
| TOP OF THE 4TH |
|
Cincinnati Reds batting - Pitching for Cleveland Guardians : RHP Sandor Visser
|
|
Batting: RHB Diory Paulino
|
0-0: Ball 1-0: Called Strike 1-1: Ball 2-1: SINGLE (Groundball, 4S, EV 55.0 MPH) (infield hit)
|
|
Batting: LHB Jake Bauers
|
0-0: Swinging Strike 0-1: Swinging Strike 0-2: Ball 1-2: Ball 2-2: Ball 3-2: Foul Ball, location: 2F 3-2: Fly out, F7 (Flyball, 7LM, EV 98.8 MPH)
|
|
Batting: RHB Jeff Adams
|
0-0: Ball 1-0: Grounds into double play, 6-4-3 (Groundball, 6S, EV 92.5 MPH)
|
| Top of the 4th over - 0 runs, 1 hit, 0 errors, 0 left on base; Cincinnati 3 - Cleveland 0 |
| BOTTOM OF THE 4TH |
|
Cleveland Guardians batting - Pitching for Cincinnati Reds : RHP Dave Parsons
|
|
Batting: RHB Giancarlo Stanton
|
0-0: Ground out 6-3 (Groundball, 6, EV 83.8 MPH)
|
|
Batting: RHB Ernie Jones
|
0-0: Ball 1-0: Swinging Strike 1-1: Foul Ball, location: 2F 1-2: Foul Ball, location: 2F 1-2: Strikes out looking
|
|
Batting: RHB Juan Martínez
|
0-0: Ball 1-0: Ground out 1-3 (Groundball, 13S, EV 68.8 MPH)
|
| Bottom of the 4th over - 0 runs, 0 hits, 0 errors, 0 left on base; Cincinnati 3 - Cleveland 0 |
| TOP OF THE 5TH |
|
Cincinnati Reds batting - Pitching for Cleveland Guardians : RHP Sandor Visser
|
|
Batting: LHB José Morán
|
0-0: Ball 1-0: Fly out, F6 (Line Drive, 6, EV 70.0 MPH)
|
|
Batting: LHB Dan Sheehan
|
0-0: Called Strike 0-1: Ball 1-1: Ball 2-1: Foul Ball, location: 2F 2-2: Foul Ball, location: 2F 2-2: Foul Ball, location: 5FF 2-2: Ground out U3 (Groundball, 34, EV 101.9 MPH)
|
|
Batting: RHB Jose Peraza
|
0-0: Called Strike 0-1: Ball 1-1: Ball 2-1: Swinging Strike 2-2: Strikes out swinging
|
| Top of the 5th over - 0 runs, 0 hits, 0 errors, 0 left on base; Cincinnati 3 - Cleveland 0 |
| BOTTOM OF THE 5TH |
|
Cleveland Guardians batting - Pitching for Cincinnati Reds : RHP Dave Parsons
|
|
Batting: RHB Vladimir Guerrero Jr.
|
0-0: Foul Ball, location: 9LMF 0-1: Called Strike 0-2: Ball 1-2: Ball 2-2: Strikes out swinging
|
|
Batting: RHB Juan González
|
0-0: Ball 1-0: Foul Ball, location: 2F 1-1: Foul Ball, location: 9LDF 1-2: DOUBLE (Line Drive, 9LM, EV 101.9 MPH)
|
|
Batting: RHB Ben Ramsey
|
0-0: Ball 1-0: Ball 2-0: Called Strike 2-1: Ball 3-1: Fly out, F4 (Popup, 34, EV 60.0 MPH)
|
|
Batting: LHB Joe Wendle
|
0-0: Swinging Strike 0-1: Ball 1-1: Swinging Strike 1-2: Strikes out swinging
|
| Bottom of the 5th over - 0 runs, 1 hit, 0 errors, 1 left on base; Cincinnati 3 - Cleveland 0 |
| TOP OF THE 6TH |
|
Cincinnati Reds batting - Pitching for Cleveland Guardians : RHP Sandor Visser
|
|
Batting: LHB Mike Lambright
|
0-0: Foul Ball, location: 2F 0-1: Foul Ball, location: 7LDF 0-2: Ball 1-2: Ball 2-2: Foul Ball, location: 5F 2-2: Ground out 4-3 (Groundball, 4, EV 84.4 MPH)
|
|
Batting: SHB Leury Garcia
|
0-0: Ground out 4-3 (Groundball, 4D, EV 98.8 MPH)
|
|
Batting: LHB José Parra
|
0-0: Called Strike 0-1: Foul Ball, location: 2F 0-2: Foul Ball, location: 2F 0-2: Ground out 5-3 (Groundball, 5, EV 104.4 MPH)
|
| Top of the 6th over - 0 runs, 0 hits, 0 errors, 0 left on base; Cincinnati 3 - Cleveland 0 |
| BOTTOM OF THE 6TH |
|
Cleveland Guardians batting - Pitching for Cincinnati Reds : RHP Dave Parsons
|
|
Batting: RHB Liam Thompson
|
0-0: Called Strike 0-1: Ball 1-1: DOUBLE (Line Drive, 7LM, EV 109.4 MPH)
|
|
Batting: LHB José Álvarez
|
0-0: Ball 1-0: Ball 2-0: Ball 3-0: Called Strike 3-1: SINGLE (Line Drive, 8RS, EV 105.6 MPH) Liam Thompson to third Runner from 3rd tries for Home, SAFE, throw by CF to home
|
|
Batting: RHB Giancarlo Stanton
|
0-0: Ball 1-0: Foul Ball, location: 23F 1-1: Foul Ball, location: 9LSF 1-2: Foul Ball, location: 2F 1-2: Strikes out swinging
|
|
Batting: RHB Ernie Jones
|
0-0: Called Strike 0-1: Called Strike 0-2: Ball 1-2: Ball 2-2: Strikes out looking
|
|
Batting: RHB Juan Martínez
|
0-0: Foul Ball, location: 7LMFF 0-1: Called Strike 0-2: Ball 1-2: Ball 2-2: Foul Ball, location: 9LMF 2-2: SINGLE (Line Drive, 9S, EV 96.9 MPH) José Álvarez to second Runner from 2nd tries for 3rd, SAFE, throw by RF made to third
|
|
Batting: RHB Vladimir Guerrero Jr.
|
0-0: Ball 1-0: Ground out 4-3 (Groundball, 4, EV 81.3 MPH)
|
| Bottom of the 6th over - 1 run, 3 hits, 0 errors, 2 left on base; Cincinnati 3 - Cleveland 1 |
| TOP OF THE 7TH |
|
Cincinnati Reds batting - Pitching for Cleveland Guardians : RHP Sandor Visser
|
|
Batting: RHB Diory Paulino
|
0-0: Called Strike 0-1: Swinging Strike 0-2: Strikes out swinging
|
|
Batting: LHB Jake Bauers
|
0-0: Ball 1-0: Ball 2-0: Called Strike 2-1: Called Strike 2-2: Strikes out swinging
|
|
Batting: RHB Jeff Adams
|
0-0: Called Strike 0-1: Ball 1-1: Ball 2-1: SINGLE (Line Drive, 6MD, EV 106.3 MPH)
|
|
Batting: LHB José Morán
|
0-0: Called Strike 0-1: Ball 1-1: Ball 2-1: Ball 3-1: Base on Balls Jeff Adams to second
|
|
Batting: LHB Dan Sheehan
|
0-0: Fielders Choice at 3rd, U5 (Groundball, 5L, EV 79.4 MPH)
|
| Top of the 7th over - 0 runs, 1 hit, 0 errors, 1 left on base; Cincinnati 3 - Cleveland 1 |
| BOTTOM OF THE 7TH |
|
Cleveland Guardians batting - Pitching for Cincinnati Reds : RHP Dave Parsons
|
|
Batting: RHB Juan González
|
0-0: Ball 1-0: Ground out U3 (Groundball, 13, EV 89.4 MPH)
|
|
Batting: RHB Ben Ramsey
|
0-0: Ball 1-0: Called Strike 1-1: Foul Ball, location: 2F 1-2: Foul Ball, location: 9LSF 1-2: Ball 2-2: Foul Ball, location: 9LDF 2-2: Foul Ball, location: 2F 2-2: Fly out, F8 (Flyball, 8LM, EV 90.0 MPH)
|
|
Batting: LHB Joe Wendle
|
0-0: Ball 1-0: Swinging Strike 1-1: Fly out, F6 (Popup, 56D, EV 68.1 MPH)
|
| Bottom of the 7th over - 0 runs, 0 hits, 0 errors, 0 left on base; Cincinnati 3 - Cleveland 1 |
| TOP OF THE 8TH |
|
Cincinnati Reds batting - Pitching for Cleveland Guardians : RHP Sandor Visser
|
|
Batting: RHB Jose Peraza
|
0-0: Swinging Strike 0-1: Called Strike 0-2: Ball 1-2: Ball 2-2: Ball 3-2: Foul Ball, location: 5FF 3-2: Strikes out swinging
|
|
Batting: LHB Mike Lambright
|
0-0: SINGLE (Line Drive, 7S, EV 95.6 MPH)
|
|
Batting: SHB Leury Garcia
|
0-0: Ball 1-0: Called Strike 1-1: Ball 2-1: SINGLE (Line Drive, 78S, EV 110.6 MPH) Mike Lambright to second
|
|
Pitching: RHP Rodolfo Villasmil
|
|
|
Batting: LHB José Parra
|
0-0: Swinging Strike 0-1: Ball 1-1: Foul Ball, location: 2LF 1-2: Ball 2-2: Fielders Choice at 2nd, 5-4 (Groundball, 56, EV 81.3 MPH) Mike Lambright to third
|
|
Batting: RHB Diory Paulino
|
0-0: Fly out, F8 (Flyball, 89S, EV 93.1 MPH)
|
| Top of the 8th over - 0 runs, 2 hits, 0 errors, 2 left on base; Cincinnati 3 - Cleveland 1 |
| BOTTOM OF THE 8TH |
|
Cleveland Guardians batting - Pitching for Cincinnati Reds : RHP Dave Parsons
|
|
Pitching: RHP Julius Taylor
|
|
|
Now at 3B: Jose Ramirez
|
|
|
Now at SS: José Morán
|
|
|
Batting: RHB Liam Thompson
|
0-0: Ball 1-0: Fly out, F8 (Flyball, 8RD, EV 100.0 MPH)
|
|
Batting: LHB José Álvarez
|
0-0: Ball 1-0: Ground out 1-3 (Groundball, 15S, EV 75.6 MPH)
|
|
Batting: RHB Giancarlo Stanton
|
0-0: Foul Ball, location: 2F 0-1: Ball 1-1: Ball 2-1: Called Strike 2-2: Foul Ball, location: 3FF 2-2: Foul Ball, location: 2F 2-2: Ground out 5-3 (Groundball, 56S, EV 84.4 MPH)
|
| Bottom of the 8th over - 0 runs, 0 hits, 0 errors, 0 left on base; Cincinnati 3 - Cleveland 1 |
| TOP OF THE 9TH |
|
Cincinnati Reds batting - Pitching for Cleveland Guardians : RHP Rodolfo Villasmil
|
|
Batting: LHB Jake Bauers
|
0-0: Foul Ball, location: 3F 0-1: Fly out, F9 (Line Drive, 9S, EV 90.6 MPH)
|
|
Batting: RHB Jeff Adams
|
0-0: Called Strike 0-1: Ground out 6-3 (Groundball, 6, EV 78.8 MPH)
|
|
Batting: LHB José Morán
|
0-0: Fly out, F8 (Line Drive, 8LS, EV 94.4 MPH)
|
| Top of the 9th over - 0 runs, 0 hits, 0 errors, 0 left on base; Cincinnati 3 - Cleveland 1 |
| BOTTOM OF THE 9TH |
|
Cleveland Guardians batting - Pitching for Cincinnati Reds : RHP Julius Taylor
|
|
Pitching: RHP Anthony DeSclafani
|
|
|
Batting: RHB Ernie Jones
|
0-0: Foul Ball, location: 2LF 0-1: Ground out 6-3 (Groundball, 6, EV 84.4 MPH)
|
|
Pinch Hitting: SHB Brett Austin
|
0-0: Ball 1-0: Ball 2-0: Called Strike 2-1: Called Strike 2-2: Strikes out swinging
|
|
Pinch Hitting: SHB Willi Castro
|
0-0: Ball 1-0: SINGLE (Line Drive, 9S, EV 90.0 MPH)
|
|
Pinch Hitting: LHB Joe Young
|
0-0: Called Strike 0-1: Swinging Strike 0-2: Ball 1-2: Foul Ball, location: 7LDF 1-2: Fly out, F9 (Flyball, 89S, EV 89.4 MPH)
|
| Bottom of the 9th over - 0 runs, 1 hit, 0 errors, 1 left on base; Cincinnati 3 - Cleveland 1 |
|